 Dungeon Crawl Stone Soup version 0.28.0-43-g3370ac3207 (webtiles) character file.

Game seed: 14140787806667463032

28036 Ablot the Slinger (level 13, 0/101 HPs)
             Began as a Gnoll Warper on Mar 11, 2022.
             Was a High Priest of Okawaru.
             Slain by a death knight
             ... wielding a +1 halberd
              (15 damage)
             ... on level 12 of the Dungeon.
             The game lasted 00:40:56 (15539 turns).

Ablot the Slinger (Gnoll Warper)                   Turns: 15539, Time: 00:40:57

Health: 0/101      AC: 15    Str: 15    XL:     13   Next: 36%
Magic:  24/26      EV: 14    Int: 13    God:    Okawaru [*****.]
Gold:   877        SH:  5    Dex: 12    Spells: 19/31 levels left

rFire   . . .      SeeInvis .   A - +2 Maxwell's thermic engine {flame, freeze}
rCold   . . .      Faith    .   (no shield)
rNeg    . . .      Spirit   .   q - +2 ring mail of Inaction {rPois rCorr}
rPois   +          Reflect  +   G - +0 helmet
rElec   .          Harm     .   (no cloak)
rCorr   +          Rampage  .   h - +0 pair of gloves
Will    .....                   (no boots)
Stlth   +++.......              y - amulet of reflection
HPRegen 0.26/turn               o - +4 ring of protection
MPRegen 0.20/turn               W - +4 ring of slaying

@: on blink cooldown, studying Slings, invisible
A: fangs 1, strong nose, distributed training
a: Renounce Religion, Heroism, Finesse, Duel


You were on level 12 of the Dungeon.
You worshipped Okawaru.
Okawaru was extremely pleased with you.
You visited 2 branches of the dungeon, and saw 13 of its levels.

You collected 877 gold pieces.

Inventory:

Hand Weapons
 a - a +5 trident
 A - the +2 Maxwell's thermic engine (weapon) {flame, freeze}
   (You found it on level 4 of the Dungeon)

   It burns those it strikes, dealing additional fire damage.
   Big, fiery blades are also staple armaments of hydra-hunters.
   It freezes those it strikes, dealing additional cold damage.
   It can also slow down cold-blooded creatures.
   It becomes more effective when it hits something.
   This effect fades over time.
 I - the +5 fustibalus of Coej {speed, Int+5}
   (You found it on level 5 of the Dungeon)

   Attacks with this weapon are significantly faster.
   Int:       It affects your intelligence (+5).
 V - the +10 arbalest of Deformation {penet, rCorr Int+6}
   (You found it on level 10 of the Dungeon)

   Any ammunition fired by it passes through the targets it hits, potentially
   hitting all targets in its path until it reaches maximum range.
   Int:       It affects your intelligence (+6).
   rCorr:     It protects you from acid and corrosion.
Missiles
 d - 5 boomerangs of dispersal
 g - 116 bolts
 i - 258 stones
 l - 253 sling bullets
 s - 476 arrows
 v - 16 javelins
 C - 33 poisoned darts (quivered)
Armour
 h - a +0 pair of gloves (worn)
 q - the +2 ring mail of Inaction (worn) {rPois rCorr}
   (You found it on level 9 of the Dungeon)

   rPois:     It protects you from poison.
   rCorr:     It protects you from acid and corrosion.
 E - the +3 ring mail "Yfoizayb" {rC+}
   (You found it on level 9 of the Dungeon)

   rC:        It protects you from cold.
 G - a +0 helmet (worn)
 J - an orb of wrath
Jewellery
 o - a +4 ring of protection (left hand)
 u - a ring of ice
 w - a ring of fire
 y - an amulet of reflection (around neck)
 F - a ring of poison resistance
 O - a ring of flight
 T - a ring of willpower
 W - a +4 ring of slaying (right hand)
Wands
 b - a wand of digging (7)
 f - a wand of polymorph (18)
 r - a wand of flame (12)
 t - a wand of charming (11)
 B - a wand of iceblast (38)
 S - a wand of acid (6)
Scrolls
 c - 2 scrolls of blinking
 k - 2 scrolls of noise {unknown}
 m - 3 scrolls of immolation {unknown}
 p - 2 scrolls of fog {unknown}
 L - a scroll of torment {unknown}
 R - a scroll of vulnerability {unknown}
 U - 2 scrolls of enchant armour {unknown}
 X - a scroll of teleportation {unknown}
Potions
 j - 2 potions of mutation
 n - a potion of attraction
 x - 2 potions of invisibility
 z - 2 potions of lignification {unknown}
 D - 2 potions of brilliance
 H - a potion of magic {unknown}
 K - 3 potions of curing
 M - 2 potions of might {unknown}
 N - a potion of ambrosia {unknown}
 P - 2 potions of flight {unknown}
 Q - a potion of berserk rage {unknown}
 Y - 2 potions of heal wounds {unknown}
 Z - 3 potions of haste {unknown}
Miscellaneous
 e - a phantom mirror


   Skills:
 + Level 9.5 Fighting
 + Level 8.2 Short Blades
 + Level 8.2 Long Blades
 + Level 8.2 Axes
 + Level 8.2 Maces & Flails
 + Level 9.5 Polearms
 + Level 8.2 Staves
 + Level 10.9 Slings
 + Level 8.2 Bows
 + Level 8.2 Crossbows
 + Level 8.7 Throwing
 + Level 8.7 Armour
 + Level 9.5 Dodging
 + Level 8.2 Stealth
 + Level 8.2 Shields
 + Level 8.2 Unarmed Combat
 + Level 9.7 Spellcasting
 + Level 6.9 Conjurations
 + Level 6.9 Hexes
 + Level 6.9 Summonings
 + Level 6.9 Necromancy
 + Level 8.9 Translocations
 + Level 6.9 Transmutations
 + Level 6.9 Fire Magic
 + Level 6.9 Ice Magic
 + Level 6.9 Air Magic
 + Level 6.9 Earth Magic
 + Level 6.9 Poison Magic
 + Level 9.0 Invocations
 + Level 8.2 Evocations


You had 19 spell levels left.
You knew the following spells:

 Your Spells              Type           Power      Damage    Failure   Level
a - Blink                 Tloc           58%        N/A       1%          2
b - Wereblood             Tmut           24%        N/A       1%          2
c - Call Imp              Summ           24%        N/A       1%          2
d - Dazzling Flash        Conj/Hex       48%        N/A       3%          3
e - Mephitic Cloud        Conj/Pois/Air  24%        N/A       3%          3

Your spell library contained the following spells:

 Spells                   Type           Power      Damage    Failure   Level
 Magic Dart               Conj           96%        1d7       1%          1
 Sublimation of Blood     Necr           24%        N/A       1%          2
 Gell's Gravitas          Tloc           29%        N/A       1%          3
 Lesser Beckoning         Tloc           29%        N/A       1%          3
 Teleport Other           Tloc           29%        N/A       1%          3
 Portal Projectile        Hex/Tloc       52%        N/A       2%          3
 Iskenderun's Mystic Bla  Conj/Tloc      26%        2d7       8%          4
 Fulminant Prism          Conj/Hex       12%        3d9       12%         4
 Leda's Liquefaction      Hex/Erth       12%        N/A       12%         4
 Manifold Assault         Tloc           29%        N/A       14%         5
 Agony                    Necr           24%        N/A       32%         5
 Blade Hands              Tmut           12%        N/A       32%         5
 Irradiate                Conj/Tmut      12%        3d17      32%         5
 Lee's Rapid Deconstruct  Erth           12%        3d9*      32%         5
 Silence                  Hex/Air        12%        N/A       32%         5
 Dragon Form              Tmut           12%        N/A       100%        7
 Call Canine Familiar     Summ           Unusable   N/A       N/A         3
 Summon Hydra             Summ           Unusable   N/A       N/A         7

Dungeon Overview and Level Annotations

Branches:
Dungeon (12/15)            Temple (1/1) D:5            Lair (0/6) D:9
    Orc (0/2) D:10

Altars:
Ashenzari
Cheibriados
Dithmenos
Elyvilon
Fedhas
Gozag
Hepliaklqana
Kikubaaqudgha
Makhleb
Nemelex Xobeh
Okawaru
Qazlal
Ru
Sif Muna
Trog
Uskayaw
Vehumet
Wu Jian
Xom
Yredelemnul
Zin
The Shining One

Annotations:
D:10 3 runed translucent doors, exclusion: 3 doors, Mitsuki's ghost, novice DEFE; Sobaton's ghost, journeyman GnFi; brob1's ghost, journeyman MiBe; crompyre's ghost, journeyman PaBe; hitsuchi's ghost, journeyman PaFi


Innate Abilities, Weirdness & Mutations

You have very sharp teeth.
Your uncanny sense of smell can sniff out nearby items.
Your experience applies equally to all skills.


Message History

s - 476 arrows (gained 10)
You closely miss the orc warrior. You block the orc warrior's attack.
You slash the orc warrior! You burn the orc warrior.
You freeze the orc warrior.
The orc warrior is moderately wounded.
You block the orc warrior's attack.
You slash the orc warrior! You burn the orc warrior!
You kill the orc warrior!
Okawaru accepts your kill.
Things that are here:
a +0 battleaxe; a +0 chain mail; an orc corpse A death knight comes into view.
It is wielding a +1 halberd.
You barely miss the death knight.
The death knight shouts!
The death knight closely misses you.
You hit the death knight but do no damage.
You freeze the death knight.
The death knight is lightly wounded.
The death knight hits you with a +1 halberd!!
You hit the death knight. You burn the death knight.
You freeze the death knight.
You bite the death knight, but do no damage.
The death knight is lightly wounded.
The death knight hits you with a +1 halberd!!
You barely miss the death knight.
The death knight is lightly wounded.
The death knight hits you with a +1 halberd!
You hit the death knight. You burn the death knight.
You freeze the death knight.
The death knight is lightly wounded.
The death knight hits you with a +1 halberd!!
* * * LOW HITPOINT WARNING * * *
Unknown command.
Casting: Blink (safe; 1% risk of failure)
Confirm with . or Enter, or press ? or * to list all spells.
You blink.
The death knight closely misses you.
Unknown command.
You fade into invisibility!
The death knight hits you with a +1 halberd!
You die...

# # # #
####### #
##.......
# #@# #
##p## ##
##§# ##.
##.## #..
#.## #.[
#.#∆ #..
#.# ∆∆
#.# #.#
∆∆ #.#
#.# #.#


You could see a death knight.

Vanquished Creatures
  Fannar (D:10)
  2 hydras (D:12)
  A centaur warrior (D:12)
  4 two-headed ogres
  2 death yaks
  Urug (D:12)
  The ghost of fly the Cleaver, a novice FoDe of Uskayaw (D:7)
  An ugly thing (D:12)
  2 cyclopes (D:12)
  Maurice (D:10)
  2 gargoyles
  2 unseen horrors
  A komodo dragon (D:10)
  6 trolls
  Prince Ribbit (D:8)
  A slime creature (D:12)
  2 centaur simulacra (D:10)
  21 yaks
  2 vampires
  A wraith (D:11)
  A shadow (D:12)
  2 steam dragons (D:7)
  3 wyverns
  Menkaure (D:6)
  5 vampire mosquitoes (D:12)
  Edmund (D:3)
  2 water moccasins
  A black bear (D:8)
  A hornet zombie (D:6)
  5 orc warriors
  3 sky beasts
  4 ice beasts
  4 ogres
  16 centaurs
  6 wolves
  A phantom (D:6)
  A kobold brigand (D:8)
  A bullfrog (D:9)
  A scorpion (D:6)
  11 killer bees
  21 wights
  3 electric eels
  A bullfrog zombie (D:6)
  A centaur zombie (D:10)
  6 hounds
  9 orc priests
  A jelly (D:8)
  Ijyb (D:4)
  6 orc wizards
  Natasha (thrice) (D:4)
  6 iguanas
  2 howler monkey zombies
  3 gnolls (D:4)
  10 adders
  A shadow imp (D:6)
  2 white imps
  4 worms
  2 dart slugs
  30 orcs
  2 ball pythons
  6 endoplasms
  4 giant cockroaches
  12 goblins
  4 hobgoblins
  5 jackals
  7 kobolds
  2 quokkas
  9 bats
  2 frilled lizards
  2 rats (D:2)
292 creatures vanquished.

Vanquished Creatures (others)
  An orc wizard (D:6)
  2 plants (D:1)
  A withered plant (D:1)
4 creatures vanquished.

Grand Total: 296 creatures vanquished

Notes
Turn   | Place    | Note
-------+----------+-------------------------------------------
     0 | D:1      | Ablot the Gnoll Warper began the quest for the Orb.
     0 | D:1      | Reached XP level 1. HP: 20/20 MP: 6/6
   156 | D:1      | Reached XP level 2. HP: 18/26 MP: 7/7
   159 | D:1      | Learned a level 2 spell: Blink
   520 | D:1      | Found a faded altar of an unknown god.
   814 | D:2      | Reached XP level 3. HP: 31/31 MP: 9/9
   842 | D:2      | Reached skill level 5 in Spellcasting
   889 | D:2      | Reached skill level 1 in Invocations
  1122 | D:2      | Reached skill level 1 in Short Blades
  1122 | D:2      | Reached skill level 1 in Long Blades
  1122 | D:2      | Reached skill level 1 in Axes
  1122 | D:2      | Reached skill level 1 in Maces & Flails
  1122 | D:2      | Reached skill level 1 in Staves
  1122 | D:2      | Reached skill level 1 in Slings
  1122 | D:2      | Reached skill level 1 in Bows
  1122 | D:2      | Reached skill level 1 in Crossbows
  1122 | D:2      | Reached skill level 1 in Stealth
  1122 | D:2      | Reached skill level 1 in Shields
  1122 | D:2      | Reached skill level 1 in Unarmed Combat
  1122 | D:2      | Reached skill level 1 in Evocations
  1260 | D:2      | Reached XP level 4. HP: 38/38 MP: 11/11
  1937 | D:2      | Reached skill level 1 in Conjurations
  1937 | D:2      | Reached skill level 1 in Hexes
  1937 | D:2      | Reached skill level 1 in Summonings
  1937 | D:2      | Reached skill level 1 in Necromancy
  1937 | D:2      | Reached skill level 1 in Transmutations
  1937 | D:2      | Reached skill level 1 in Fire Magic
  1937 | D:2      | Reached skill level 1 in Ice Magic
  1937 | D:2      | Reached skill level 1 in Air Magic
  1937 | D:2      | Reached skill level 1 in Earth Magic
  1937 | D:2      | Reached skill level 1 in Poison Magic
  2443 | D:3      | Reached XP level 5. HP: 41/43 MP: 12/12
  2459 | D:3      | Found a shadowy altar of Dithmenos.
  3061 | D:4      | Noticed Edmund
  3061 | D:4      | Noticed a centaur
  3209 | D:3      | Killed Edmund
  3210 | D:3      | Reached XP level 6. HP: 23/50 MP: 12/14
  3402 | D:3      | Reached skill level 5 in Fighting
  3402 | D:3      | Reached skill level 5 in Polearms
  3402 | D:3      | Reached skill level 2 in Slings
  3402 | D:3      | Reached skill level 5 in Dodging
  3502 | D:4      | Noticed Natasha
  3510 | D:4      | Killed Natasha
  3760 | D:4      | Reached XP level 7. HP: 29/56 MP: 15/15
  3761 | D:4      | Found the +2 Maxwell's thermic engine {flame, freeze}
  4125 | D:4      | Noticed Natasha
  4684 | D:4      | Killed Natasha
  4857 | D:4      | Noticed Natasha
  4868 | D:4      | Killed Natasha
  5059 | D:5      | Entered Level 5 of the Dungeon
  5083 | D:4      | Reached XP level 8. HP: 38/63 MP: 14/16
  5217 | D:5      | Reached skill level 3 in Slings
  5272 | D:5      | Killed an unseen horror
  5590 | D:5      | Noticed Ijyb
  5769 | D:4      | Killed Ijyb
  5924 | D:5      | Identified the +5 fustibalus of Coej {speed, Int+5}
  5937 | D:5      | Learned a level 2 spell: Wereblood
  5941 | D:5      | Learned a level 2 spell: Call Imp
  6052 | D:5      | Found a staircase to the Ecumenical Temple.
  6067 | Temple   | Entered the Ecumenical Temple
  6290 | Temple   | Became a worshipper of Warmaster Okawaru
  6455 | D:5      | Reached XP level 9. HP: 49/69 MP: 18/18
  6564 | D:5      | Noticed a troll
  6578 | D:5      | Killed a troll
  6893 | D:5      | Reached skill level 4 in Slings
  7058 | D:6      | Reached * piety under Okawaru
  7059 | D:6      | Reached skill level 5 in Throwing
  7059 | D:6      | Reached skill level 5 in Armour
  7233 | D:6      | Found a sparkling altar of Nemelex Xobeh.
  7279 | D:6      | Reached skill level 5 in Slings
  7377 | D:6      | Reached skill level 5 in Invocations
  7766 | D:6      | Noticed Menkaure
  7769 | D:6      | Killed Menkaure
  7769 | D:6      | Reached ** piety under Okawaru
  8021 | D:6      | Reached XP level 10. HP: 71/76 MP: 20/20
  8421 | D:7      | Reached skill level 5 in Short Blades
  8421 | D:7      | Reached skill level 5 in Long Blades
  8421 | D:7      | Reached skill level 5 in Axes
  8421 | D:7      | Reached skill level 5 in Maces & Flails
  8421 | D:7      | Reached skill level 5 in Staves
  8421 | D:7      | Reached skill level 5 in Bows
  8421 | D:7      | Reached skill level 5 in Crossbows
  8421 | D:7      | Reached skill level 5 in Stealth
  8421 | D:7      | Reached skill level 5 in Shields
  8421 | D:7      | Reached skill level 5 in Unarmed Combat
  8421 | D:7      | Reached skill level 5 in Evocations
  8561 | D:7      | Found a runed translucent gate.
  8561 | D:7      | Found a runed translucent gate.
  8561 | D:7      | Found a runed translucent gate.
  8563 | D:7      | Noticed fly's ghost (novice FoDe)
  8955 | D:7      | Reached skill level 6 in Slings
  9603 | D:8      | Noticed Prince Ribbit
  9618 | D:8      | Killed Prince Ribbit
  9829 | D:8      | Reached skill level 8 in Slings
  9829 | D:8      | Reached skill level 5 in Conjurations
  9829 | D:8      | Reached skill level 5 in Hexes
  9829 | D:8      | Reached skill level 5 in Summonings
  9829 | D:8      | Reached skill level 5 in Necromancy
  9829 | D:8      | Reached skill level 5 in Transmutations
  9829 | D:8      | Reached skill level 5 in Fire Magic
  9829 | D:8      | Reached skill level 5 in Ice Magic
  9829 | D:8      | Reached skill level 5 in Air Magic
  9829 | D:8      | Reached skill level 5 in Earth Magic
  9829 | D:8      | Reached skill level 5 in Poison Magic
  9829 | D:8      | Reached XP level 11. HP: 86/86 MP: 21/23
  9843 | D:8      | Found a hide-covered altar of Uskayaw.
 10197 | D:8      | Reached *** piety under Okawaru
 10209 | D:8      | Noticed a death yak
 10224 | D:8      | Killed a death yak
 10258 | D:8      | Reached **** piety under Okawaru
 10358 | D:9      | Noticed a two-headed ogre
 10379 | D:9      | Killed a two-headed ogre
 10509 | D:9      | Identified the +3 ring mail "Yfoizayb" {rC+}
 10517 | D:9      | Identified the +2 ring mail of Inaction {rPois rCorr}
 10649 | D:9      | Reached skill level 9 in Slings
 10734 | D:9      | Reached XP level 12. HP: 60/94 MP: 24/24
 11094 | D:9      | Found a staircase to the Lair.
 11484 | D:10     | Entered Level 10 of the Dungeon
 11655 | D:10     | Found a runed translucent gate.
 11656 | D:10     | Found a runed translucent gate.
 11656 | D:10     | Found a runed translucent gate.
 11657 | D:10     | Noticed Mitsuki's ghost (novice DEFE)
 11658 | D:10     | Noticed brob1's ghost (journeyman MiBe)
 11658 | D:10     | Noticed hitsuchi's ghost (journeyman PaFi)
 11658 | D:10     | Noticed crompyre's ghost (journeyman PaBe)
 11658 | D:10     | Noticed Sobaton's ghost (journeyman GnFi)
 11679 | D:10     | Noticed Maurice
 11716 | D:10     | Killed Maurice
 11729 | D:10     | Identified the +10 arbalest of Deformation {penet, rCorr
                  | Int+6}
 11851 | D:10     | Found a blossoming altar of Fedhas.
 11851 | D:10     | Found a basalt altar of Yredelemnul.
 11853 | D:10     | Found a hazy altar of Hepliaklqana.
 11860 | D:10     | Found a snail-covered altar of Cheibriados.
 11897 | D:10     | Received a gift from Okawaru
 12101 | D:10     | Noticed Fannar
 12118 | D:10     | Learned a level 3 spell: Dazzling Flash
 12122 | D:10     | Learned a level 3 spell: Mephitic Cloud
 12142 | D:10     | Killed Fannar
 12202 | D:10     | Reached ***** piety under Okawaru
 12367 | D:10     | Noticed a death yak
 12389 | D:10     | Killed a death yak
 12685 | D:10     | Found a staircase to the Orcish Mines.
 12847 | D:7      | Killed fly's ghost
 13326 | D:11     | Reached skill level 10 in Slings
 14201 | D:12     | Noticed a two-headed ogre
 14208 | D:12     | Killed a two-headed ogre
 14208 | D:12     | Received a gift from Okawaru
 14229 | D:12     | Noticed a two-headed ogre
 14234 | D:12     | Killed a two-headed ogre
 14235 | D:12     | Noticed Urug
 14277 | D:12     | Received a gift from Okawaru
 14462 | D:12     | Reached XP level 13. HP: 94/101 MP: 26/26
 14519 | D:12     | Killed Urug
 14665 | D:12     | Received a gift from Okawaru
 14846 | D:12     | Received a gift from Okawaru
 15487 | D:12     | Received a gift from Okawaru
 15539 | D:12     | Slain by a death knight

Illustrated notes

Levels and vault maps discovered:
D:1:      dpeg_arrival_tiny_i, layout_rooms,
          shapermc_ecumenical_altar_flowoftime
D:2:      layout_loops_corners
D:3:      layout_basic, grunt_dithmenos_smoke, grunt_ministairs_15,
          lemuel_another_geyser
D:4:      layout_basic, hangedman_decor_riveting, uniq_edmund, uniq_natasha
D:5:      layout_rooms, minmay_temple_entry_offerings, minmay_manual_moon,
          uniq_ijyb
D:6:      layout_basic, nemelex_dance_club_becter, uniq_menkaure
D:7:      layout_basic, ebering_ghost_rock_garden
D:8:      argonaut_augean_stables, layout_basic, lemuel_crystal_altar,
          small_statue_intersection, minmay_fractal_squares_gapless_5,
          uniq_prince_ribbit1
D:9:      layout_cave_pools, erik_lair_island
D:10:     layout_long_grid, nicolae_overflow_quartered_altars, david_orc_4,
          serial_ice, serial_ice_o, serial_ice_c, serial_ice_k, serial_ice_h,
          gammafunk_ghost_cemetery, uniq_maurice, uniq_fannar
D:11:     layout_loops_ring, kennysheep_small_spiral, minmay_misc_feat_rows
D:12:     kennysheep_snake, layout_cave_pools, uniq_urug
Temple:   regret_index_temple_generic_petals

Skill      XL: |  1  2  3  4  5  6  7  8  9 10 11 12 13 |
---------------+----------------------------------------+-----
Spellcasting   | 5 6 7 8 9 |  9.7
Invocations    | 1 2 3 4 5 7 8 9 |  9.0
Short Blades   | 1 2 3 4 6 7 8 |  8.2
Long Blades    | 1 2 3 4 6 7 8 |  8.2
Axes           | 1 2 3 4 6 7 8 |  8.2
Maces & Flails | 1 2 3 4 6 7 8 |  8.2
Staves         | 1 2 3 4 6 7 8 |  8.2
Slings         | 1 2 3 5 8 9 10 | 10.9
Bows           | 1 2 3 4 6 7 8 |  8.2
Crossbows      | 1 2 3 4 6 7 8 |  8.2
Stealth        | 1 2 3 4 6 7 8 |  8.2
Shields        | 1 2 3 4 6 7 8 |  8.2
Unarmed Combat | 1 2 3 4 6 7 8 |  8.2
Evocations     | 1 2 3 4 6 7 8 |  8.2
Conjurations   | 1 2 3 5 6 |  6.9
Hexes          | 1 2 3 5 6 |  6.9
Summonings     | 1 2 3 5 6 |  6.9
Necromancy     | 1 2 3 5 6 |  6.9
Transmutations | 1 2 3 5 6 |  6.9
Fire Magic     | 1 2 3 5 6 |  6.9
Ice Magic      | 1 2 3 5 6 |  6.9
Air Magic      | 1 2 3 5 6 |  6.9
Earth Magic    | 1 2 3 5 6 |  6.9
Poison Magic   | 1 2 3 5 6 |  6.9
Throwing       | 3 4 5 6 7 8 |  8.7
Armour         | 3 4 5 6 7 8 |  8.7
Fighting       | 5 6 7 8 9 |  9.5
Polearms       | 5 6 7 8 9 |  9.5
Dodging        | 5 6 7 8 9 |  9.5
Translocations | 6 7 8 |  8.9

Action                   |  1- 3 |  4- 6 |  7- 9 | 10-12 | 13-15 || total
-------------------------+-------+-------+-------+-------+-------++-------
Melee: Spear             |   134 |    43 |       |       |       ||   177
       Bite              |    12 |    18 |    27 |    28 |     6 ||    91
       Punch             |     2 |     1 |    12 |    16 |     1 ||    32
       Short sword       |       |    96 |   157 |   125 |       ||   378
       Double sword      |       |       |    89 |   120 |    35 ||   244
       Trident           |       |       |     8 |       |       ||     8
 Fire: Fustibalus        |       |       |    50 |   325 |    69 ||   444
Throw: Dart              |       |     4 |     4 |     6 |       ||    14
 Cast: Blink             |       |     2 |     1 |     2 |     5 ||    10
       Call Imp          |       |       |     1 |       |       ||     1
       Wereblood         |       |       |       |     6 |       ||     6
       Dazzling Flash    |       |       |       |     5 |       ||     5
       Mephitic Cloud    |       |       |       |     3 |       ||     3
Invok: Heroism           |       |       |       |     3 |       ||     3
  Use: Scroll            |       |       |       |     5 |     1 ||     6
       Potion            |       |       |       |     1 |     1 ||     2
 Stab: Sleeping          |     1 |     2 |     3 |     7 |       ||    13
       Distracted        |       |       |     1 |       |       ||     1
Armor: Leather armour    |    24 |    46 |    64 |       |       ||   134
       Troll leather arm |       |       |    24 |    48 |       ||    72
       Ring mail         |       |       |       |    96 |    32 ||   128
Dodge: Dodged            |    62 |    96 |   143 |   232 |    37 ||   570
Block: Other             |       |       |    71 |    86 |    15 ||   172
       Reflection        |       |       |     3 |     7 |       ||    10
